Arrhythmia, chaotic female vampiric Convict ------ |......| |<......E### |......| ...| ..| Arrhythmia the Prisoner Experience level: 11 Strength: 17 Dexterity: 14 Constitution: 19 Intelligence: 13 Wisdom: 10 Charisma: 7 Health: 0(119) Energy: 69(69) AC: -5 Gold: 12240 Moves: 8554 Your Inventory: Coins $ - 12240 gold pieces Amulets H - an uncursed amulet of ESP Weapons R - a [blessed] rustproof [+1] long sword named Demonbane [Demonbane] Armor b - an uncursed +0 striped shirt d - an uncursed +0 elven shield (being worn) e - an uncursed +0 elven mithril-coat (being worn) g - a blessed +1 pair of speed boots of displacement (being worn) G - an uncursed +0 elven leather helm (being worn) V - an uncursed +0 cloak of invisibility (being worn) W - an uncursed +0 pair of gauntlets of dexterity (being worn) Comestibles U - an [uncursed] drained water moccasin corpse Scrolls i - an uncursed scroll of teleportation w - a blessed scroll of teleportation P - a [cursed] scroll of create monster Potions T - a [blessed] potion of object detection Rings m - an uncursed ring of searching (on right hand) Wands f - an uncursed wand of magic missile (0:0) j - an [uncursed] wand of slow monster [0:4] o - a cursed wand of striking [0:3] q - an [uncursed] wand of enlightenment [0:13] K - an uncursed wand of magic missile (0:0) M - an [uncursed] wand of sleep [0:3] S - an uncursed wand of undead turning (0:6) Tools a - an uncursed [+0] unicorn horn J - an uncursed looking glass [mirror] Iron balls c - an uncursed thoroughly rusty heavy iron ball (weapon in hand) Spells known in the end: Name Level Category Fail Memory Your skills at the end: Fighting Skills body armor [Basic / Skilled] shield [Basic / Basic] Weapon Skills flail [Skilled / Expert] sling [Basic / Skilled] Spellcasting Skills Final Attributes: You were piously aligned. Hunger level was 560. Your alignment was 52 / 52. Monster difficulty range was 3 - 16. Level difficulty was 22. You were immune to poison. You were immune to level-drain. You were immune to sickness. You had automatic searching. You were invisible. You were displaced. You could fly. You could survive without air. You regenerated. You were very fast. Your luck was zero. You are dead. Vanquished creatures: a nurse an Aleax a frost giant a queen bee 2 giant mimics an ice troll 2 umber hulks 2 large mimics 3 long worms an air elemental a xorn a small mimic a glass piercer a rodent of unusual size a warhorse 3 xans an ettin mummy a giant turtle a gelatinous cube a flaming sphere a shocking sphere a tiger 6 gargoyles a tengu 2 leocrottas a mountain centaur a carnivorous ape an ettin zombie 3 Grey-elves 2 succubi an incubus a chameleon 4 giant beetles a quivering blob a cockatrice 5 wolves a lynx a panther 3 leprechauns 2 orc-captains an iron piercer 2 horses an ice vortex a black light 2 vampire bats 2 forest centaurs a gnome king a dwarf mummy an ogre a rust monster 3 owlbears a yeti 2 werewolves 2 lizards a dog a jaguar a gray unicorn 2 dust vortices 4 plains centaurs a gnome mummy a snake 2 water moccasins 4 Woodland-elves a soldier ant 3 fire ants a snow ant 8 bugbears an imp a wood nymph a water nymph a mountain nymph a Mordor orc 3 rock piercers 2 rock moles a fog cloud 7 gnome lords 2 gnomish wizards a kobold mummy 2 gray oozes 2 elf zombies a ghoul 2 straw golems 2 paper golems a wax golem 5 giant ants a floating eye 8 dwarves 4 kobold shamans 5 hill orcs 3 rothes a rabid rat a giant bat a monkey 2 wererats 2 werejackals 6 iguanas 26 killer bees an acid blob 2 coyotes 2 hobbits 9 hobgoblins 3 giant rats 10 cave spiders 2 yellow molds 3 green molds a red mold 20 gnomes 13 garter snakes 6 geckos a kobold 3 goblins 4 sewer rats 8 grid bugs 5 lichens a kobold zombie 5 newts 312 creatures vanquished. Voluntary challenges: You pretended to be an ascet. You pretended to be a vegan. You pretended to be a vegetarian. You used a wielded weapon 7 times. You read items or engraved 27 times. You put on armor 29 times. You never genocided any monsters. You never polymorphed an object. You changed form 1 time. You used no wishes. You abstained from Elbereth's help. You never encountered a bones level. You never used any Sokoban shortcuts. Dungeon overview: The Dungeons of Doom: levels 1 to 22 Level 1 a long staircase Level 2 a delicatessen stairs to The Gnomish Mines Level 4 some altars Level 5 a fountain Level 6 many fountains Level 7 a scroll shop, a fountain stairs to Sokoban Level 8 a fountain Level 9 an altar, a fountain stairs to Town Level 11 a fountain, a sink Level 12 a potion shop, an altar to Tymora Level 14 a fountain Level 22 <- You were here The Gnomish Mines: levels 3 to 4 Level 3 stairs to The Dungeons of Doom Sokoban: Level 6 a magic chest stairs to The Dungeons of Doom Town: Level 8 stairs to The Dungeons of Doom History has recorded: On T:1 you entered the Dungeons of Doom to retrieve the Amulet of Yendor! On T:368 you reached level 2 of The Dungeons of Doom. On T:799 you advanced to experience level 2. On T:807 you advanced to experience level 3. On T:896 you reached level 1 of The Gnomish Mines. On T:909 you advanced to experience level 4. On T:935 you advanced to experience level 5. On T:1164 you reached level 2 of The Gnomish Mines. On T:1181 you advanced to experience level 6. On T:1421 you reached level 3 of The Dungeons of Doom. On T:1701 you reached level 4 of The Dungeons of Doom. On T:1949 you advanced to experience level 7. On T:2254 you reached level 5 of The Dungeons of Doom. On T:2811 you reached level 6 of The Dungeons of Doom. On T:3069 you reached level 7 of The Dungeons of Doom. On T:3495 you reached level 3 of Sokoban. On T:3730 you advanced to experience level 8. On T:3759 you reached level 8 of The Dungeons of Doom. On T:4568 you reached level 9 of The Dungeons of Doom. On T:4692 you reached level 3 of Town. On T:5154 you reached level 10 of The Dungeons of Doom. On T:5276 you advanced to experience level 9. On T:6064 you reached level 11 of The Dungeons of Doom. On T:6285 you advanced to experience level 10. On T:6564 you reached level 12 of The Dungeons of Doom. On T:7259 you advanced to experience level 11. On T:7307 you reached level 13 of The Dungeons of Doom. On T:7308 you reached level 14 of The Dungeons of Doom. On T:7310 you reached level 15 of The Dungeons of Doom. On T:7317 you reached level 16 of The Dungeons of Doom. On T:7318 you reached level 17 of The Dungeons of Doom. On T:7348 you reached level 18 of The Dungeons of Doom. On T:7695 you reached level 19 of The Dungeons of Doom. On T:8048 you reached level 20 of The Dungeons of Doom. On T:8254 you reached level 21 of The Dungeons of Doom. On T:8541 you reached level 22 of The Dungeons of Doom. Latest messages: The fire elemental misses. You hit the fire elemental! You bite the fire elemental. You are suddenly very hot! The fire elemental hits! [HP-23=96] You hit the fire elemental! You are suddenly very hot! You bite the fire elemental. You are suddenly very hot! The fire elemental hits! [HP-50=46] You hit the fire elemental! You bite the fire elemental. The fire elemental suddenly seems weaker! You are suddenly very hot! [HP-24=22] You hit the fire elemental! You bite the fire elemental. The fire elemental suddenly seems weaker! You are suddenly very hot! You die... Final status: Goodbye Arrhythmia the Convict... You died in The Dungeons of Doom on dungeon level 22 with 53372 points, and 12240 pieces of gold, after 8554 moves. You were level 11 with a maximum of 119 hit points when you died.